 Dungeon Crawl Stone Soup version 0.15-a0-1549-gb42009b (console) character file.

48 Kobold the Insei (level 4, -1/28 HPs)
             Began as a Kobold Monk on June 17, 2014.
             Killed by divine providence
             ... invoked by an orc priest
              (9 damage)
             ... on Level 4 of the Dungeon.
             The game lasted 00:04:24 (951 turns).

Kobold the Insei (Kobold Monk)                       Turns: 951, Time: 00:04:24

HP  -1/28        AC  2     Str 10      XL: 4   Next:  0%
MP   4/4         EV 18     Int 12      God:
Gold 100         SH  0     Dex 18      Spells:  0 memorised,  3 levels left

rFire  . . .     SeeInvis .       - Unarmed
rCold  . . .     Clarity  .     a - +0 robe
rNeg   . . .     rCorr    .     (no shield)
rPois  .         rRot     .     (no helmet)
rElec  .         Spirit   .     (no cloak)
SustAb .         Warding  .     (no gloves)
rMut   .         Stasis   .     (no boots)
Gourm  .                        (no amulet)
MR     .....                    j - +4 ring of intelligence
                                i - +1 ring of evasion

@: not resistant to hostile enchantments, fairly stealthy
A: carnivore 3
a: no special abilities


You were on level 4 of the Dungeon.
You were not hungry.

You visited 1 branch of the dungeon, and saw 4 of its levels.

You collected 100 gold pieces.

Inventory:

Armour
 a - a +0 robe (worn)
Magical devices
 m - a wand of magic darts (13)
Comestibles
 b - 3 meat rations
Scrolls
 c - 4 scrolls of remove curse {unknown}
 f - 2 scrolls of blinking {unknown}
 g - 3 scrolls of teleportation {unknown}
 k - a scroll of fear {unknown}
 l - a scroll of enchant armour {unknown}
 n - a scroll of identify {unknown}
Jewellery
 i - a +1 ring of evasion (left hand)
 j - a +4 ring of intelligence (right hand)
Potions
 e - a potion of mutation {unknown}
 h - 2 potions of agility {unknown}


   Skills:
 - Level 3.2 Fighting
 + Level 4.1 Dodging
 - Level 2.6 Stealth
 * Level 5.0 Unarmed Combat


You had 3 spell levels left.
You didn't know any spells.

Dungeon Overview and Level Annotations

Branches:
Dungeon (4/15)
 Temple: D:4-7

Altars:
Gozag
Kikubaaqudgha
Okawaru
Trog

Annotations:
D:4 Ijyb


Innate Abilities, Weirdness & Mutations

You are small and have problems with some larger weapons.
You are carnivorous and can eat meat at any time.


Message History

An orc and an orc priest come into view.
The orc shouts!
The orc priest shouts!
The orc moves out of view.
An orc comes into view. It is wielding a flail.
Drink which item? (? for menu, Esc to quit)
You feel better.
It was a potion of curing.
The orc priest mumbles some strange prayers to Beogh against you.
Pain shoots through your body!
* * * LOW HITPOINT WARNING * * *
You hit the orc priest but do no damage.
The orc priest calls down the wrath of Beogh upon you.
Pain shoots through your body!
* * * LOW HITPOINT WARNING * * *
Drink which item? (? for menu, Esc to quit)
You feel better. The orc priest misses you.
You hit the orc priest.
The orc priest is moderately wounded.
The orc priest invokes the aid of Beogh against you.
Something smites you!
You die...

#.## ##+ #..# #####..
##.# #.....# o #.#
##.##### .o.
#####.#########......#
....
#.........#...>......#
....o####
#.........#.###......#
.........#
#.........#.# #......#
#.###...o@......#
#......#
#.............###
#......#
#####.........#
#......# ###########
###.#### #..## ##..#
##.# #+# ...


You could see an orc priest.

Vanquished Creatures
  2 adders (D:4)
  A giant gecko (D:2)
  An orc (D:3)
  3 bats
  A hobgoblin (D:3)
  4 kobolds
  3 giant cockroaches
  2 giant newts
  6 goblins
  A hobgoblin skeleton (D:4)
  A quokka (D:3)
  6 rats
31 creatures vanquished.

Notes
Turn   | Place    | Note
--------------------------------------------------------------
     0 | D:1      | Kobold, the Kobold Monk, began the quest for the Orb.
     0 | D:1      | Reached XP level 1. HP: 14/14 MP: 1/1
   187 | D:1      | Reached XP level 2. HP: 12/19 MP: 2/2
   268 | D:2      | Found a bloodstained altar of Trog.
   268 | D:2      | Found an iron altar of Okawaru.
   555 | D:4      | Noticed a scorpion
   558 | D:4      | Reached XP level 3. HP: 19/23 MP: 3/3
   620 | D:3      | Found an opulent altar of Gozag.
   740 | D:3      | Found an ancient bone altar of Kikubaaqudgha.
   859 | D:4      | Reached skill level 5 in Unarmed Combat
   874 | D:4      | Noticed Ijyb
   899 | D:4      | Reached XP level 4. HP: 4/28 MP: 4/4
   951 | D:4      | Killed from afar by an orc priest

Action                   |  1- 3 |  4- 6 || total
-------------------------+-------+-------++-------
Melee: Unarmed           |   107 |     2 ||   109
Evoke: Wand              |     1 |       ||     1
  Use: Potion            |       |     2 ||     2
 Stab: Sleeping          |     9 |       ||     9
